 Dungeon Crawl Stone Soup version 0.22.0-49-gab54619674 (webtiles) character file.

674 JedernureinKreuz the Conjurer (level 7, -1/51 HPs)
             Began as a Gnoll Conjurer on Sept 8, 2018.
             Slain by an orc wizard
             ... wielding a +0 dagger
              (2 damage)
             ... on level 5 of the Dungeon.
             The game lasted 00:25:04 (3626 turns).

JedernureinKreuz the Conjurer (Gnoll Conjurer)      Turns: 3626, Time: 00:25:05

Health: -1/51      AC:  6    Str: 11    XL:     7   Next: 59%
Magic:  0/15       EV: 14    Int: 19    God:
Gold:   260        SH:  0    Dex: 15    Spells: 9/17 levels left

rFire    . . .     SeeInvis .   b - +4 quarterstaff (chaos)
rCold    . . .     Gourm    .   (shield currently unavailable)
rNeg     . . .     Faith    .   m - +1 leather armour
rPois    +         Spirit   .   (no helmet)
rElec    .         Reflect  .   C - +1 cloak {rPois}
rCorr    .         Harm     .   (no gloves)
MR       .....                  (no boots)
Stlth    +++.......             (no amulet)
HPRegen  0.17/turn              (no ring)
MPRegen  0.14/turn              (no ring)

@: slowed, very slow
A: distributed training, fangs 1, strong nose
a: no special abilities


You were on level 5 of the Dungeon.
You were hungry.

You visited 1 branch of the dungeon, and saw 5 of its levels.
You also visited: Sewer.

You collected 260 gold pieces.

Inventory:

Hand Weapons
 a - a +0 short sword of venom
 b - a +4 quarterstaff of chaos (weapon)
 c - a +0 whip of draining
 f - a +0 club
 l - a +0 whip
 s - a +0 short sword
 E - a cursed -3 war axe
 F - a +0 rapier of venom
Missiles
 d - 72 arrows
 g - 41 sling bullets
 i - 171 stones (quivered)
 j - 9 poisoned needles
 k - 23 bolts
 q - 5 needles of confusion
Armour
 e - a +1 ring mail of cold resistance
 h - a +0 cloak
 m - a +1 leather armour (worn)
 o - a +0 robe
 C - a +1 cloak of poison resistance (worn)
 H - a +0 buckler
Wands
 u - a wand of digging (6)
Scrolls
 p - 4 scrolls of identify
 r - 2 scrolls of magic mapping {unknown}
 t - 2 scrolls of remove curse
 x - 2 scrolls of teleportation
 y - a scroll of blinking {unknown}
 A - a scroll of noise {unknown}
Potions
 n - a potion of might
 v - 4 potions of flight {unknown}
 w - a potion of invisibility {unknown}
 B - a potion of agility {unknown}
 D - a potion of magic {unknown}
Comestibles
 z - 2 rations


   Skills:
 + Level 2.5 Fighting
 + Level 2.5 Short Blades
 + Level 2.5 Long Blades
 + Level 2.5 Axes
 + Level 2.5 Maces & Flails
 + Level 2.5 Polearms
 + Level 2.5 Staves
 + Level 2.5 Slings
 + Level 2.5 Bows
 + Level 2.5 Crossbows
 + Level 2.5 Throwing
 + Level 2.5 Armour
 + Level 5.2 Dodging
 + Level 4.9 Stealth
 + Level 2.5 Shields
 + Level 2.5 Unarmed Combat
 + Level 5.6 Spellcasting
 + Level 7.4 Conjurations
 + Level 2.0 Hexes
 + Level 2.0 Charms
 + Level 2.0 Summonings
 + Level 2.0 Necromancy
 + Level 2.0 Translocations
 + Level 2.0 Transmutations
 + Level 2.0 Fire Magic
 + Level 2.0 Ice Magic
 + Level 2.0 Air Magic
 + Level 2.0 Earth Magic
 + Level 2.0 Poison Magic
 + Level 2.8 Invocations
 + Level 2.5 Evocations


You had 9 spell levels left.
You knew the following spells:

 Your Spells              Type           Power        Failure   Level  Hunger
a - Magic Dart            Conj           ####         1%          1    None
b - Iskenderun's Mystic   Conj           ####....     7%          4    ####...
c - Dazzling Spray        Conj/Hex       ###...       6%          3    ##.....

Your spell library contained the following spells:

 Spells                   Type           Power        Failure   Level  Hunger
 Searing Ray              Conj           ####..       1%          2    None
 Force Lance              Conj/Tloc      ###.....     22%         4    ####...
 Fulminant Prism          Conj/Hex       ###.......   22%         4    ####...


Dungeon Overview and Level Annotations

Branches:
Dungeon (5/15)
 Temple: D:4-7

Altars:
Gozag
Hepliaklqana
Kikubaaqudgha
Makhleb
Qazlal
Trog
Zin

Annotations:
D:4 Natasha


Innate Abilities, Weirdness & Mutations

Your experience applies equally to all skills.
You have very sharp teeth.
Your uncanny sense of smell can sniff out nearby items.


Message History

You hit the orc wizard.
The orc wizard is almost dead.
The orc wizard closely misses you. The orc wizard barely misses you.
Casting: Magic Dart (safe; 1% risk of failure)
Confirm with . or Enter, or press ? or * to list all spells.
Aiming: Magic Dart (safe; 1% risk of failure)
Press: ? - help, Shift-Dir - straight line, f/p - orc wizard
Aim: an orc wizard, wielding a dagger and wearing a robe (almost dead, fast)
The magic dart hits the orc wizard.
The orc wizard is almost dead.
The orc wizard closely misses you. The orc wizard casts a spell at you.
You feel as though you will be slow longer.
The orc wizard hits you with a dagger.
* * * LOW HITPOINT WARNING * * *
You hit the orc wizard but do no damage.
The orc wizard is poisoned.
The orc wizard is almost dead.
The orc wizard hits you with a dagger.
You die...

........... ..........
......... .... ..>....
.... #..... .... #...#
... #..# ..# #.)#+#..#
#.o@...#####
######..........######
.........######.......#
#####..#.### #.......#
#.##...# #...<...#
......##.## #........
...... #..###........
#.......###.##........#
######... #...........#


You could see an orc wizard.

Vanquished Creatures
  A phantom (D:5)
  Blork the orc (D:4)
  2 hounds
  An orc priest (D:5)
  An iguana (D:5)
  Crazy Yiuf (D:2)
  A centaur skeleton (D:5)
  Jessica (D:3)
  4 worker ants
  7 gnolls
  5 adders
  2 oozes
  4 worms
  7 leopard geckos
  3 orcs
  16 bats
  9 giant cockroaches
  7 goblins
  5 hobgoblins
  4 jackals (Sewer)
  2 kobolds (D:2)
  A quokka (D:4)
  2 ball pythons (Sewer)
  7 frilled lizards
  8 rats
102 creatures vanquished.

Notes
Turn   | Place    | Note
-------+----------+-------------------------------------------
     0 | D:1      | JedernureinKreuz the Gnoll Conjurer began the quest for the
                  | Orb.
     0 | D:1      | Reached XP level 1. HP: 13/13 MP: 6/6
    68 | D:1      | Reached XP level 2. HP: 19/19 MP: 4/7
   330 | D:1      | Reached XP level 3. HP: 25/25 MP: 5/9
   494 | D:2      | Reached skill level 5 in Spellcasting
   542 | D:2      | Reached skill level 1 in Invocations
   603 | D:2      | Reached skill level 1 in Fighting
   603 | D:2      | Reached skill level 1 in Short Blades
   603 | D:2      | Reached skill level 1 in Long Blades
   603 | D:2      | Reached skill level 1 in Axes
   603 | D:2      | Reached skill level 1 in Maces & Flails
   603 | D:2      | Reached skill level 1 in Polearms
   603 | D:2      | Reached skill level 1 in Staves
   603 | D:2      | Reached skill level 1 in Slings
   603 | D:2      | Reached skill level 1 in Bows
   603 | D:2      | Reached skill level 1 in Crossbows
   603 | D:2      | Reached skill level 1 in Throwing
   603 | D:2      | Reached skill level 1 in Armour
   603 | D:2      | Reached skill level 1 in Shields
   603 | D:2      | Reached skill level 1 in Unarmed Combat
   603 | D:2      | Reached skill level 1 in Evocations
   603 | D:2      | Reached XP level 4. HP: 32/32 MP: 3/11
   728 | D:2      | Found a runed door.
   732 | D:2      | Noticed Crazy Yiuf
   738 | D:2      | Killed Crazy Yiuf
   738 | D:2      | Reached skill level 1 in Hexes
   738 | D:2      | Reached skill level 1 in Charms
   738 | D:2      | Reached skill level 1 in Summonings
   738 | D:2      | Reached skill level 1 in Necromancy
   738 | D:2      | Reached skill level 1 in Translocations
   738 | D:2      | Reached skill level 1 in Transmutations
   738 | D:2      | Reached skill level 1 in Fire Magic
   738 | D:2      | Reached skill level 1 in Ice Magic
   738 | D:2      | Reached skill level 1 in Air Magic
   738 | D:2      | Reached skill level 1 in Earth Magic
   738 | D:2      | Reached skill level 1 in Poison Magic
   913 | D:2      | Found a stormy altar of Qazlal.
  1059 | D:2      | Reached XP level 5. HP: 37/37 MP: 9/12
  1079 | D:2      | Found a burning altar of Makhleb.
  1369 | D:3      | Found a hazy altar of Hepliaklqana.
  1570 | D:3      | Found a glowing silver altar of Zin.
  1586 | D:3      | Noticed Jessica
  1598 | D:3      | Killed Jessica
  1741 | D:3      | Found an opulent altar of Gozag.
  1930 | D:3      | Found a glowing drain.
  1934 | Sewer    | Entered a sewer
  2432 | D:3      | Found an ancient bone altar of Kikubaaqudgha.
  2589 | D:4      | Reached XP level 6. HP: 32/44 MP: 6/13
  2743 | D:4      | Noticed Natasha
  2920 | D:4      | Reached skill level 5 in Dodging
  3151 | D:4      | Noticed Blork the orc
  3164 | D:4      | Killed Blork the orc
  3199 | D:4      | Reached XP level 7. HP: 50/50 MP: 12/15
  3330 | D:4      | Noticed a moth of wrath
  3332 | D:4      | Found a bloodstained altar of Trog.
  3340 | D:4      | Learned a level 4 spell: Iskenderun's Mystic Blast
  3344 | D:4      | Learned a level 3 spell: Dazzling Spray
  3438 | D:5      | Entered Level 5 of the Dungeon
  3623 | D:5      | HP: 2/51 [orc wizard/dagger (1)]
  3626 | D:5      | Slain by an orc wizard

Skill      XL: |  1  2  3  4  5  6  7 |
---------------+----------------------+-----
Spellcasting   | 5 |  5.6
Invocations    | 1 2 |  2.8
Fighting       | 1 2 |  2.5
Short Blades   | 1 2 |  2.5
Long Blades    | 1 2 |  2.5
Axes           | 1 2 |  2.5
Maces & Flails | 1 2 |  2.5
Polearms       | 1 2 |  2.5
Staves         | 1 2 |  2.5
Slings         | 1 2 |  2.5
Bows           | 1 2 |  2.5
Crossbows      | 1 2 |  2.5
Throwing       | 1 2 |  2.5
Armour         | 1 2 |  2.5
Shields        | 1 2 |  2.5
Unarmed Combat | 1 2 |  2.5
Evocations     | 1 2 |  2.5
Hexes          | 1 2 |  2.0
Charms         | 1 2 |  2.0
Summonings     | 1 2 |  2.0
Necromancy     | 1 2 |  2.0
Translocations | 1 2 |  2.0
Transmutations | 1 2 |  2.0
Fire Magic     | 1 2 |  2.0
Ice Magic      | 1 2 |  2.0
Air Magic      | 1 2 |  2.0
Earth Magic    | 1 2 |  2.0
Poison Magic   | 1 2 |  2.0
Dodging        | 5 |  5.2
Stealth        | |  4.9
Conjurations   | |  7.4

Action                   |  1- 3 |  4- 6 |  7- 9 || total
-------------------------+-------+-------+-------++-------
Melee: Club              |     9 |       |       ||     9
       Short sword       |     4 |    29 |       ||    33
       Spear             |       |    22 |       ||    22
       Bite              |       |     6 |     1 ||     7
       Quarterstaff      |       |    36 |    39 ||    75
 Cast: Magic Dart        |    46 |   103 |    21 ||   170
       Iskenderun's Myst |       |       |     3 ||     3
  Use: Scroll            |     4 |     2 |       ||     6
 Stab: Sleeping          |       |     7 |     1 ||     8
  Eat: Ration            |       |     2 |       ||     2
       Chunk             |       |     1 |     1 ||     2
Armor: Robe              |     3 |       |       ||     3
       Leather armour    |       |    17 |     7 ||    24
Dodge: Dodged            |    28 |    62 |    26 ||   116
